AoeStats
← MMM

Arabia

503852829Analyzed
1v1 RM · 8d ago on Sep 2, 2026· 52m 16s· 2 players
Game mode
Random Map
Map size
Tiny (2 player)
Population
200
Speed
Normal
Resources
Standard
Victory
Conquest
Starting age
Dark Age
Ending age
Imperial Age
RankedLock teamsTeams togetherTeam positionsShared explorationLock speedFull tech treeHidden civsTurbo modeCheats
Victory
Defeat
🇨🇳 Chinese · China
978
+16
🇪🇸 Ethiopians · Spain
979
-16
MMM
0:30 Loom
9:39 Feudal Age
10:13 Double-Bit Axe
11:05 Wheelbarrow
21:59 Castle Age
20:00 Gold Mining
20:01 Horse Collar
21:02 Bloodlines
21:42 Forging
21:38 Scale Barding Armor
22:50 Bow Saw
22:56 Hand Cart
23:03 Husbandry
23:30 Heavy Plow
27:28 Gold Shaft Mining
27:45 Stone Mining
30:01 Stone Shaft Mining
34:19 Imperial Age
31:44 Town Watch
31:51 Fletching
32:14 Masonry
33:10 Town Patrol
33:47 Iron Casting
33:07 Bodkin Arrow
36:04 Two-Man Saw
35:45 Bracer
36:46 Blast Furnace
35:44 Murder Holes
36:10 Ballistics
36:20 Architecture
37:07 Conscription
36:07 Elite Chu Ko Nu
36:23 Pikeman
37:03 Squires
36:49 Arson
37:06 Scale Mail Armor
37:06 Padded Archer Armor
37:27 Chain Barding Armor
38:09 Chemistry
36:55 Arrowslits
37:19 Halberdier
40:30 Chain Mail Armor
40:31 Leather Archer Armor
42:17 Cavalier
42:18 Light Cavalry
43:30 Plate Mail Armor
43:30 Ring Archer Armor
42:57 Elite Skirmisher
43:42 Thumb Ring
43:10 Elite Chu Ko Nu
48:55 Plate Barding Armor
Osozne
7:51 Loom
10:33 Feudal Age
11:27 Double-Bit Axe
11:24 Horse Collar
12:19 Town Watch
12:56 Fletching
16:18 Padded Archer Armor
22:08 Castle Age
22:08 Wheelbarrow
21:43 Scale Barding Armor
23:00 Bow Saw
22:55 Heavy Plow
23:59 Bodkin Arrow
23:29 Elite Skirmisher
27:39 Husbandry
27:57 Leather Archer Armor
27:54 Forging
30:25 Chain Barding Armor
32:45 Thumb Ring
33:18 Iron Casting
36:20 Imperial Age
35:03 Crossbowman
38:14 Blast Furnace
37:15 Bracer
38:50 Ring Archer Armor
38:21 Scale Mail Armor
39:31 Conscription
39:22 Arbalester
42:17 Chemistry
41:13 Murder Holes
46:25 Heavy Camel Rider
49:23 Ballistics
49:45 Chain Mail Armor
49:04 Elite Shotel Warrior
49:19 Elite Shotel Warrior
Connection lost

Rejoining the realm…

Still unreachable

The connection could not be restored.

Session expired

The server has moved on; the page needs a fresh start.